 Dungeon Sprint DCSS version 0.27-a0-1036-g8e1b44f6bd (webtiles) character file.

Game seed: 6939559083006129666

168 mhtbhm the Arsonist (level 5, -2/28 HPs)
             Began as a Deep Elf Fire Elementalist on Apr 18, 2021.
             Was a Follower of Vehumet.
             Slain by a death cob (26 damage)
             ... in the Dungeon (Sprint V: "Ziggurat Sprint").
             The game lasted 00:01:15 (180 turns).

mhtbhm the Arsonist (Deep Elf Fire Elementalist)     Turns: 180, Time: 00:01:16

Health: -2/28      AC:  5    Str:  5    XL:     5   Next: 23%
Magic:  11/16      EV: 14    Int: 33    God:    Vehumet [*.....]
Gold:   0          SH:  0    Dex: 15    Spells: 1/17 levels left

rFire    + . .     SeeInvis .   C - +8 lance "Wyrmbane" {slay drac, rPois rF+ rC+ AC+3}
rCold    + . .     Faith    .   (no shield)
rNeg     . . .     Spirit   .   a - +0 robe
rPois    +         Reflect  .   (no helmet)
rElec    .         Harm     .   (no cloak)
rCorr    .         Rampage  .   (no gloves)
Will     .....     NoTele   +   (no boots)
Stlth    +++.......             (no amulet)
HPRegen  0.09/turn              u - +6 ring of intelligence
MPRegen  0.15/turn              v - +6 ring of intelligence

@: very slightly contaminated
A: no striking features
a: Renounce Religion


You were in the Dungeon.
You worshipped Vehumet.
Vehumet was aware of your devotion.
You visited 1 branch

Inventory:

Hand Weapons
 C - the +8 lance "Wyrmbane" (weapon) {slay drac, rPois rF+ rC+ AC+3}
   (You found it in the Dungeon)

   It affects your AC (+3).
   It protects you from fire.
   It protects you from cold.
   It protects you from poison.
Armour
 a - a +0 robe (worn)
Jewellery
 u - a +6 ring of intelligence (left hand)
 v - a +6 ring of intelligence (right hand)
Wands
 y - a wand of mindburst (7)
 z - a wand of iceblast (5)
 A - a wand of acid (6)
Scrolls
 h - 3 scrolls of blinking
 m - 4 scrolls of amnesia
 n - 7 scrolls of fog
 o - a scroll of holy word
 p - 5 scrolls of identify
 q - 2 scrolls of fear
Potions
 b - 2 potions of brilliance
 c - 10 potions of curing
 d - 10 potions of heal wounds
 e - 6 potions of haste
 f - 7 potions of magic
 g - 3 potions of berserk rage
 i - 2 potions of invisibility
 j - 4 potions of resistance
 k - a potion of experience
 l - 5 potions of might
Miscellaneous
 B - a lightning rod (4/4)


   Skills:
 + Level 4.9 Dodging
 + Level 5.2 Stealth
 + Level 6.7 Spellcasting
 + Level 2.0 Conjurations
 + Level 9.2 Fire Magic
 + Level 1.0 Evocations


You had one spell level left.
You knew the following spells:

 Your Spells              Type           Power      Damage    Failure   Level
a - Foxfire               Conj/Fire      100%       2x1d9     1%          1
b - Conjure Flame         Conj/Fire      48%        6-21      1%          3
c - Inner Flame           Hex/Fire       41%        N/A       1%          3
d - Sticky Flame          Conj/Fire      48%        2d7       3%          4
e - Fireball              Conj/Fire      24%        3d11      11%         5

Your spell library contained the following spells:

 Spells                   Type           Power      Damage    Failure   Level
 Freeze                   Ice            44%        1d6       4%          1
 Pain                     Necr           44%        1d6       4%          1
 Vampiric Draining        Necr           5%         2d6       12%         3
 Animate Dead             Necr           5%         N/A       36%         4
 Freezing Cloud           Conj/Ice/Air   7%         6-21      99%         6


Dungeon Overview and Level Annotations

Branches:
Dungeon (1/1)

Altars:
Ashenzari
Cheibriados
Dithmenos
Elyvilon
Fedhas
Gozag
Hepliaklqana
Kikubaaqudgha
Makhleb
Nemelex Xobeh
Okawaru
Qazlal
Ru
Sif Muna
Trog
Uskayaw
Vehumet
Wu Jian
Xom
Yredelemnul
Zin
The Shining One
Beogh
Jiyva
Lugonu

Annotations:
D 1 transporter


Message History

a +0 mace; a +3 arbalest of freezing; a +0 leather armour
There is a transporter here.
Welcome to arena 3.
You enter the transporter and appear at another place. 3 draconians and a death cob come into view.
Found four items.
Found a transporter.
Unknown command.
Casting: Foxfire (safe; 1% risk of failure)
Confirm with . or Enter, or press ? or * to list all spells.
The spell is extremely dangerous to cast (11% risk of failure)!
Continue anyway?
Okay, then.
Okay, then.
Aiming: Corrosive Bolt
Press: ? - help, Shift-Dir - straight line, f - death cob
Aim: a death cob (dormant, 100% to hit)
The bolt of acid hits the death cob.
The death cob is splashed with acid.
The acid corrodes the death cob!
The death cob is lightly damaged.
The death cob gives a chilling moan.
The bolt of acid hits the draconian.
The draconian is splashed with acid.
The acid corrodes the draconian!
The draconian is lightly wounded.
The draconian roars!
Unknown command.
Unknown command.
Blink to where?
Press: ? - help, Dir - move target, p - death cob
As you read the scroll of blinking, it crumbles to dust.
Unknown command.
Casting: Fireball (extremely dangerous; 11% risk of failure)
Confirm with . or Enter, or press ? or * to list all spells.
The spell is extremely dangerous to cast (11% risk of failure)!
Continue anyway?
Aiming: Fireball (extremely dangerous; 11% risk of failure)
Press: ? - help, Shift-Dir - straight line, f - draconian
Aim: a draconian, wielding a +0 short sword You miscast Fireball.
You are very lightly contaminated with residual magic.
Sparks fly from your hands. You resist. The death cob hits you!!
Ouch! That really hurt!
You die...

▓▓▓▓▓▓▓▓▓▓▓▓▓▓▓▓▓▓
▓@8©8.▓.8©8.▓.8©8.
▓zd=).▓..)..▓.....
▓.dd..▓..)..▓.).).
▓.....▓..)..▓.....
▓.....▓.....▓..†..
▓.....▓.....▓..©..
▓..©..▓..©..▓▓▓▓▓▓
▓▓▓▓▓▓▓▓▓▓▓▓▓


You could see a death cob (corroded) and 3 draconians.

Vanquished Creatures
  A water moccasin (D)
  2 orc priests (D)
  An adder (D)
  An orc (D)
5 creatures vanquished.

Vanquished Creatures (others)
  A foxfire (D)
1 creature vanquished.

Grand Total: 6 creatures vanquished

Notes
Turn   | Place    | Note
-------+----------+-------------------------------------------
     0 | D        | mhtbhm the Deep Elf Fire Elementalist began the quest for
                  | the Orb.
     0 | D        | Reached XP level 1. HP: 10/10 MP: 6/6
     0 | D        | Found a shimmering blue altar of Sif Muna.
     0 | D        | Found a bloodstained altar of Trog.
     0 | D        | Found a sacrificial altar of Ru.
     0 | D        | Found a stormy altar of Qazlal.
     0 | D        | Found an iron altar of Okawaru.
     0 | D        | Banished a spatial maelstrom
     1 | D        | Found a sparkling altar of Nemelex Xobeh.
     1 | D        | Found a blossoming altar of Fedhas.
     2 | D        | Found the +6 Majin-Bo {vamp, MP+6 Int+6}
     2 | D        | Found the +9 heavy crossbow "Sniper" {vorpal, Acc+∞ SInv}
     2 | D        | Found the +10 dark maul {vorpal}
     2 | D        | Found the +15 Maxwell's patent armour {-Cast -Tele rElec
                  | Will+ rCorr}
     2 | D        | Found the +18 shield of the Gong {rElec rN+ Will+ EV-5}
     2 | D        | Found the +14 obsidian axe {vorpal, Drain Fly SInv}
     2 | D        | Found the +7 great mace "Firestarter" {inner flame, rF++}
     2 | D        | Found the +6 shillelagh "Devastator" {shatter}
     2 | D        | Found the +11 plutonium sword {Contam Stlth-}
     2 | D        | Found the +8 lance "Wyrmbane" {slay drac, rPois rF+ rC+
                  | AC+3}
     2 | D        | Found the +9 sword of Zonguldrok {reap}
     2 | D        | Found the +13 scythe of Curses {drain, Drain}
     2 | D        | Found the +5 sword of Power {vorpal}
     2 | D        | Found the +7 mace of Variability {chain chaos}
     2 | D        | Found the +7 Singing Sword {vorpal, sonic wave}
     2 | D        | Found the +8 storm bow {elec, penet}
     3 | D        | Found a transporter.
     3 | D        | Found an ancient bone altar of Kikubaaqudgha.
     3 | D        | Found a viscous altar of Jiyva.
     3 | D        | Found a corrupted altar of Lugonu.
     3 | D        | Found a hazy altar of Hepliaklqana.
     3 | D        | Found a burning altar of Makhleb.
     3 | D        | Found an opulent altar of Gozag.
    14 | D        | Banished a spatial maelstrom
    33 | D        | Banished a spatial maelstrom
    54 | D        | Became a worshipper of Vehumet
    67 | D        | Entered arena 2.
    67 | D        | Noticed a water moccasin
    67 | D        | Found a transporter.
    68 | D        | Found the +7 captain's cutlass {speed, disarm}
    69 | D        | Reached skill level 4 in Fire Magic
    69 | D        | Reached XP level 2. HP: 15/15 MP: 6/8
    71 | D        | Killed a water moccasin
    72 | D        | Reached skill level 8 in Fire Magic
    72 | D        | Reached XP level 3. HP: 12/19 MP: 5/12
    72 | D        | Reached XP level 4. HP: 16/24 MP: 5/14
   143 | D        | Learned a level 3 spell: Conjure Flame
   147 | D        | Learned a level 3 spell: Inner Flame
   152 | D        | Learned a level 4 spell: Sticky Flame
   155 | D        | Entered arena 3.
   155 | D        | Found a transporter.
   156 | D        | Identified the +8 hunting sling of Ducko {venom, *Corrode
                  | Str+2 Int+4}
   157 | D        | Reached * piety under Vehumet
   157 | D        | Offered knowledge of Freeze by Vehumet.
   158 | D        | Reached skill level 5 in Stealth
   158 | D        | Reached skill level 9 in Fire Magic
   158 | D        | Reached skill level 1 in Evocations
   158 | D        | Reached XP level 5. HP: 27/28 MP: 16/16
   163 | D        | Got Mebudike's Papyrus of Ghastly Air
   175 | D        | Learned a level 5 spell: Fireball
   177 | D        | Entered arena 4.
   177 | D        | Noticed a draconian
   177 | D        | Noticed a draconian
   177 | D        | Noticed a draconian
   177 | D        | Noticed a death cob
   177 | D        | Found a transporter.
   180 | D        | Slain by a death cob

Illustrated notes

Levels and vault maps discovered:
D:        sprint_v [room_start, room_1, room_2, room_3, room_4, room_5, room_6,
          room_7, room_8, room_9, room_10, room_11, room_12, room_13, room_14,
          room_15, room_16, room_17, room_18, room_19, room_20, room_21,
          room_22, room_23, room_24, room_25, room_26, room_27]

Skill      XL: |  1  2  3  4 |
---------------+-------------+-----
Dodging        | 3 4 |  4.9
Fire Magic     | 4 8 9 |  9.2
Stealth        | 4 5 |  5.2
Spellcasting   | 6 |  6.7
Conjurations   | 2 |  2.0
Evocations     | 1 |  1.0

Action                   |  1- 3 |  4- 6 || total
-------------------------+-------+-------++-------
 Cast: Foxfire           |     1 |       ||     1
Evoke: Wand              |     2 |     1 ||     3
       Lightning rod     |       |     2 ||     2
  Use: Scroll            |       |     1 ||     1
Dodge: Dodged            |     1 |       ||     1

Table legend: (Time is in decaauts)
 A = Elapsed time spent in this place.
 B = Non-inter-level travel time spent in this place.
 C = Inter-level travel time spent in this place.
 D = Time resting spent in this place.
 E = Time spent auto-exploring this place.
 F = Levels seen in this place.
 G = Mean time per level.
                   A        B        C        D        E       F      G
               +--------+--------+--------+--------+--------+-----+--------+
         Total |    178 |    178 |      0 |     66 |      0 |   1 |  178.0 |
       Dungeon |    178 |    178 |      0 |     66 |      0 |   1 |  178.0 |
               +--------+--------+--------+--------+--------+-----+--------+

Top non-repeatable levels by time:
       D: 178 daAuts
